 Dungeon Crawl Stone Soup version 0.31-a0-233-g139696dc86 (webtiles) character file.

Game seed: 12001174468754984445

91 qw the Shooter (level 4, -1/36 HPs)
             Began as a Minotaur Hexslinger on July 7, 2023.
             Slain by a gnoll
             ... wielding a +0 spear
              (5 damage)
             ... on level 3 of the Dungeon.
             The game lasted 00:00:53 (2065 turns).

qw the Shooter (Minotaur Hexslinger)                Turns: 2065, Time: 00:00:53

Health: -1/36      AC:  4    Str: 13    XL:     4   Next: 34%
Magic:  4/4        EV: 17    Int: 10    God:
Gold:   137        SH:  0    Dex: 14    Spells: 4/5 levels left

rFire   . . .        Y - +1 sling
rCold   + . .        (no shield)
rNeg    . . .        l - +1 leather armour {rC+}
rPois   .            (helmet restricted)
rElec   .            (no cloak)
rCorr   .            (no gloves)
SInv    +            (no boots)
Will    .....        (no amulet)
Stlth   +            e - +5 ring of evasion
HPRegen 0.26/turn    c - ring of see invisible
MPRegen 0.09/turn

%: no passive effects
@: about to teleport
A: horns 2, retaliatory headbutt
a: no special abilities


You were on level 3 of the Dungeon.
You visited 1 branch of the dungeon, and saw 3 of its levels.

You collected 137 gold pieces.


Innate Abilities, Weirdness & Mutations

You have a pair of horns on your head.
You reflexively headbutt those who attack you in melee.


   Skills:
 - Level 2.0 Fighting
 + Level 4.9 Ranged Weapons
 - Level 2.1 Dodging
 - Level 1.0 Spellcasting
 - Level 2.0 Hexes


You had 4 spell levels left.
You knew the following spells:

 Your Spells              Type           Power      Damage    Failure   Level
a - Slow                  Hex            16%        N/A       19%         1

Your spell library contained the following spells:

 Spells                   Type           Power      Damage    Failure   Level
 Inner Flame              Hex/Fire       2%         N/A       65%         3
 Portal Projectile        Hex/Tloc       4%         N/A       65%         3
 Cause Fear               Hex            2%         N/A       88%         4

Inventory:

Hand Weapons
 Y - a +1 sling (weapon)
Armour
 l - a +1 leather armour of cold resistance (worn)
Jewellery
 b - a ring of flight
 c - a ring of see invisible (right hand)
 e - a +5 ring of evasion (left hand)
Scrolls
 a - 2 scrolls of identify
 h - 2 scrolls of teleportation
Potions
 d - 2 potions of haste
 j - 2 potions of attraction {unknown}
 k - a potion of brilliance {unknown}
 n - a potion of enlightenment {unknown}

Dungeon Overview and Level Annotations

Branches:
Dungeon (3/15)

Altars:

Portals:
Abyss: D:3
Sewer: D:3

Annotations:
D:3 2 transporters


Message History

A gnoll comes into view. It is wielding a +0 spear.
You shoot a sling bullet.
The sling bullet closely misses the gnoll.
The gnoll barely misses you. You furiously retaliate!
You headbutt the gnoll! The gnoll completely misses you.
You shoot a sling bullet.
The sling bullet hits the gnoll but does no damage.
The gnoll is almost dead.
The gnoll hits you with a +0 club.
The gnoll hits you from afar with a +0 spear.
The gnoll misses you.
The gnoll hits you from afar with a +0 spear.
You shoot a sling bullet.
The sling bullet hits the gnoll but does no damage.
The gnoll is almost dead.
The gnoll barely misses you. The gnoll hits you with a +0 club.
You shoot a sling bullet.
The sling bullet barely misses the gnoll.
The gnoll barely misses you. The gnoll misses you.
You shoot a sling bullet. The sling bullet hits the gnoll.
You kill the gnoll!
The gnoll completely misses you.
You shoot a sling bullet.
The sling bullet barely misses the gnoll.
The gnoll hits you from afar with a +0 spear.
You shoot a sling bullet.
The sling bullet barely misses the gnoll.
The gnoll hits you from afar with a +0 spear!
You shoot a sling bullet.
The sling bullet barely misses the gnoll.
The gnoll misses you.
The gnoll hits you from afar with a +0 spear!
2064 ||| READING 3 scrolls of teleportation.
As you read the scroll of teleportation, it crumbles to dust.
You feel strangely unstable. The gnoll barely misses you.
You shoot a sling bullet. The sling bullet hits the gnoll.
The gnoll is heavily wounded.
The gnoll hits you from afar with a +0 spear.
You die...

####<).............######...#...
.................................
~~~~~~~~~~~~~....~~~~~~~~~~~~~~~~
~~~~~~~~~~~~~....~~~~~~~~~~~~~~~~
#~~~~~~~~~~~~....~~~~~~~~~~~~####
#............................#.oo
#############''''#############...
#....# #+# #...@# #. +....)g.....
#. ############ #. #. #. #) #.


You could see a gnoll.

Vanquished Creatures
  A gnoll (D:3)
  A worm (D:2)
  3 orcs
  7 endoplasms
  6 goblins
  8 hobgoblins
  9 jackals
  9 kobolds
  3 ball pythons
  10 bats
  3 frilled lizards
  8 rats
68 creatures vanquished.

Vanquished Creatures (others)
  A goblin (D:3)
  A jackal (D:3)
2 creatures vanquished.

Grand Total: 70 creatures vanquished

Notes
Turn   | Place    | Note
-------+----------+-------------------------------------------
     0 | D:1      | qw the Minotaur Hexslinger began the quest for the Orb.
     0 | D:1      | Reached XP level 1. HP: 16/16 MP: 1/1
     0 | D:1      | 0 ||| qw: Version: 0.3-a-46-gb1f654a
     0 | D:1      | 0 ||| qw: Game counter: 3205
     0 | D:1      | 0 ||| qw: Melee chars always use a shield: true
     0 | D:1      | 0 ||| qw: God list: Okawaru
     0 | D:1      | 0 ||| qw: Allow faded altars: false
     0 | D:1      | 0 ||| qw: Do Orc after clearing Dungeon:15 true
     0 | D:1      | 0 ||| qw: Do second Lair branch before Depths: true
     0 | D:1      | 0 ||| qw: Lair rune preference: random
     0 | D:1      | 0 ||| qw: Goals: Normal
     0 | D:1      | 0 ||| PLANNING D:1-11
    82 | D:1      | Reached skill level 3 in Ranged Weapons
    82 | D:1      | Reached XP level 2. HP: 23/23 MP: 2/2
   128 | D:1      | 128 ||| Stepping ~*~*~tactically~*~*~ (outnumbered).
   222 | D:1      | Reached XP level 3. HP: 29/29 MP: 3/3
   327 | D:1      | You fall into a shaft and drop 1 floor!
   535 | D:2      | Found a faded altar of an unknown god.
   605 | D:2      | Reached skill level 4 in Ranged Weapons
   775 | D:2      | 775 ||| UPGRADING to +0 ring mail.
   785 | D:2      | 785 ||| DROPPING +0 robe.
   786 | D:2      | 786 ||| UPGRADING to +1 leather armour of cold resistance.
   796 | D:2      | 796 ||| DROPPING +0 ring mail.
   797 | D:2      | 797 ||| UPGRADING to +5 ring of evasion.
   798 | D:2      | 798 ||| READING 2 scrolls labelled AGRUAN LYICA.
   799 | D:2      | 799 ||| READING 2 scrolls labelled ISIYTHI GIOPSU.
   802 | D:2      | 802 ||| READING scroll labelled HEURHEZUYB.
   803 | D:2      | 803 ||| READING scroll labelled BEOKLU LANKUDGH.
   804 | D:2      | 804 ||| DRINKING 2 bubbling puce potions.
   805 | D:2      | 805 ||| DROPPING scroll of poison.
   806 | D:2      | 806 ||| DROPPING potion of invisibility.
   825 | D:2      | 825 ||| FLEEEEING.
   845 | D:2      | 845 ||| FLEEEEING.
   846 | D:2      | 846 ||| FLEEEEING.
   847 | D:2      | 847 ||| FLEEEEING.
   848 | D:2      | 848 ||| FLEEEEING.
   849 | D:2      | 849 ||| FLEEEEING.
   850 | D:2      | 850 ||| FLEEEEING.
   851 | D:2      | 851 ||| FLEEEEING.
   852 | D:2      | 852 ||| FLEEEEING.
   853 | D:2      | 853 ||| FLEEEEING.
   855 | D:2      | 855 ||| FLEEEEING.
   856 | D:2      | 856 ||| FLEEEEING.
   857 | D:2      | 857 ||| FLEEEEING.
   858 | D:2      | 858 ||| FLEEEEING.
   859 | D:2      | 859 ||| STAIRDANCE
  1159 | D:1      | 1159 ||| UPGRADING to ring of see invisible.
  1160 | D:1      | 1160 ||| READING scroll labelled SOEMIR ZIQEIST.
  1161 | D:1      | 1161 ||| READING 2 scrolls of identify.
  1161 | D:1      | 1161 ||| IDENTIFYING orange potion
  1676 | D:3      | 1676 ||| PLANNING SEWER
  1679 | D:3      | 1679 ||| STAIRDANCE
  1710 | D:3      | 1710 ||| STAIRDANCE
  1711 | D:3      | Reached XP level 4. HP: 31/36 MP: 4/4
  1738 | D:3      | 1738 ||| STAIRDANCE
  1788 | D:3      | Found a glowing drain.
  1792 | D:3      | Found a transporter.
  1884 | D:3      | Found a one-way gate to the infinite horrors of the Abyss.
  1907 | D:3      | Found a transporter.
  2063 | D:3      | HP: 4/36 [gnoll/+0 spear (7)]
  2064 | D:3      | 2064 ||| READING 3 scrolls of teleportation.
  2065 | D:3      | Slain by a gnoll

Levels and vault maps discovered:
D:1:      zelgadis_glass_arrival_small, layout_rooms, minmay_unequal
D:2:      layout_basic, ebering_ecumenical_altar_mist, nicolae_titane
D:3:      lemuel_castle_with_subvaults [lemuel_castle_interior_carwin_3],
          layout_rooms, tso_oasis_becter, gammafunk_ghost_abyssal_escape,
          gup_sewer_entry_glass, interstate_on_off, minmay_misc_feat_pillars,
          palyth_stone_intersect

Skill      XL: |  1  2  3 |
---------------+----------+-----
Ranged Weapons | 3 4 |  4.9
Fighting       | 2 |  2.0
Dodging        | |  2.1
Spellcasting   | |  1.0
Hexes          | |  2.0

Action                     |  1- 3 |  4- 6 || total
---------------------------+-------+-------++-------
   Fire: Sling             |   131 |    38 ||   169
    Use: Scroll            |     6 |     1 ||     7
         Potion            |     1 |       ||     1
 Armour: Robe              |     3 |       ||     3
         Leather armour    |    12 |     1 ||    13
  Dodge: Dodged            |    35 |    29 ||    64

Table legend:
 A = Non-vault XP
 B = Vault XP
 C = Vault XP percentage of total XP
 D = Non-vault monster count
 E = Vault monster count
 F = Vault count percentage of total count
                 A         B        C        D         E       F
            +---------+---------+-------+---------+---------+-------
      Total |      98 |      33 |  25.2 |      58 |      10 |  14.7
            +---------+---------+-------+---------+---------+-------
        D:1 |      61 |       6 |   9.0 |      36 |       4 |  10.0
        D:2 |      22 |       5 |  18.5 |      14 |       2 |  12.5
        D:3 |      15 |      22 |  59.5 |       8 |       4 |  33.3
            +---------+---------+-------+---------+---------+-------
